 Dungeon Crawl Stone Soup version 0.18.1-50-g88ac8fd (webtiles) character file.

11 Amnesiac the Charlatan (level 2, -2/14 HPs)
             Began as a Vine Stalker Artificer on July 6, 2018.
             Slain by a worm (4 damage)
             ... on level 2 of the Dungeon.
             The game lasted 00:00:28 (139 turns).

Amnesiac the Charlatan (Vine Stalker Artificer)      Turns: 139, Time: 00:00:29

Health: -2/14      AC:  3    Str: 13    XL:     2   Next: 25%
Magic:  0/5        EV: 11    Int: 12    God:
Gold:   18         SH:  0    Dex: 14    Spells: 0 memorised, 1 level left

rFire  . . .     SeeInvis .     a - +0 short sword
rCold  . . .     Gourm    .     b - +0 leather armour
rNeg   . . .     Faith    .     (no shield)
rPois  .         Spirit   +     (no helmet)
rElec  .         Dismiss  .     (no cloak)
rCorr  .         Reflect  .     (no gloves)
SustAt .         Harm     .     (no boots)
MR     .....                    (no amulet)
Stlth  ++........               (no ring)
                                (no ring)

@: not resistant to hostile enchantments, unstealthy
A: fangs 2, regeneration 1, magic shield, antimagic bite, no device heal 3, rot
immunity
a: no special abilities


You were on level 2 of the Dungeon.
You were not hungry.

You visited 1 branch of the dungeon, and saw 2 of its levels.

You collected 18 gold pieces.

Inventory:

Hand Weapons
 a - a +0 short sword (weapon)
Armour
 b - a +0 leather armour (worn)
Wands
 c - a wand of flame (15/48)
 d - a wand of enslavement (15/24)
 e - a wand of random effects (15/48)
Scrolls
 g - a scroll of enchant weapon {!r, unknown}
Potions
 h - a potion of degeneration {!q, unknown}
Comestibles
 f - a bread ration


   Skills:
 - Level 0.8 Fighting
 - Level 2.0 Short Blades
 - Level 1.5 Dodging
 + Level 1.2 Stealth
 - Level 2.6 Evocations


You had one spell level left.
You didn't know any spells.

Dungeon Overview and Level Annotations

Branches:
Dungeon (2/15)

Altars:


Innate Abilities, Weirdness & Mutations

You have extremely sharp teeth.
Your natural rate of healing is unusually fast.
When hurt, damage is shared between your health and your magic reserves.
Your bite disrupts and absorbs the magic of your enemies.
Potions and wands cannot restore your health.
You are immune to rotting.


Message History

You hit the hobgoblin.
You bite the hobgoblin, but do no damage.
The hobgoblin is severely wounded.
The hobgoblin misses you.
You barely miss the hobgoblin.
The hobgoblin is severely wounded.
The hobgoblin barely misses you.
You hit the hobgoblin.
You kill the hobgoblin!
You have reached level 2!
The bat completely misses you. The bat hits you.
You closely miss the bat. The bat misses you. The bat completely misses you.
The bat barely misses you.
You barely miss the bat. The bat hits you. The bat hits you but does no damage.
You closely miss the bat. The bat closely misses you. The bat misses you.
You hit the bat.
You kill the bat!
No target in view!
Things that are here:
a bat corpse; a hobgoblin corpse Magic restored.
There is a stone staircase leading down here.
You climb downwards.
There is a stone staircase leading up here.
A giant gecko comes into view.
A giant gecko is nearby!
You closely miss the giant gecko. The giant gecko bites you. x2
Your leather armour prevents you from hitting the giant gecko.
The giant gecko bites you.
You hit the giant gecko. You bite the giant gecko. You drain its power.
You feel invigorated.
You kill the giant gecko!
Your Short Blades skill increases to level 2!
HP restored.
A worm comes into view.
A worm is nearby!
You hit the worm. You bite the worm, but do no damage.
The worm is moderately wounded.
Your leather armour prevents you from hitting the worm.
The worm is moderately wounded.
The worm bites you!
* * * LOW HITPOINT WARNING * * *
You hit the worm.
The worm is heavily wounded.
The worm closely misses you.
You hit the worm.
The worm is heavily wounded.
You barely miss the worm. You bite the worm. You drain its power.
You feel invigorated.
The worm is severely wounded.
The worm closely misses you.
You hit the worm but do no damage.
The worm is severely wounded.
You hit the worm but do no damage.
The worm is severely wounded.
The worm bites you!
* * * LOW HITPOINT WARNING * * *
You are too injured to fight recklessly!
You are too injured to fight recklessly!
You are too injured to fight recklessly!
You hit the worm.
The worm is severely wounded.
The worm bites you.
You die...

#≈.≈# #≈.≈#
#≈.## #≈.≈#
#≈.≈###≈..#
≈≈
≈≈≈.≈≈≈≈≈..#
............#
≈≈≈≈.≈≈≈≈≈..#
≈.≈###≈..#
≈.≈ #≈..#
≈.≈###≈..#
.≈≈≈≈≈.@#
.......w#
.≈≈≈≈≈.?#
.≈###≈..# .≈
#≈..# #≈..#
≈≈..# .....#


You could see a worm.

Vanquished Creatures
  A giant gecko (D:2)
  3 bats (D:1)
  2 goblins (D:1)
  2 hobgoblins (D:1)
8 creatures vanquished.

Notes
Turn   | Place    | Note
--------------------------------------------------------------
     0 | D:1      | Amnesiac the Vine Stalker Artificer began the quest for the Orb.
     0 | D:1      | Reached XP level 1. HP: 9/9 MP: 3/3
     9 | D:1      | Reached skill level 1 in Short Blades
    87 | D:1      | Reached XP level 2. HP: 14/14 MP: 5/5
   139 | D:2      | Slain by a worm

Skill      XL: |  1  2 |
---------------+-------+-----
Short Blades   | 1 2 |  2.0
Fighting       | |  0.8
Dodging        | |  1.5
Stealth        | |  1.2
Evocations     | |  2.6

Action                   || total
-------------------------++-------
Melee: Short sword       ||    27
       Bite              ||     6
Armor: Leather armour    ||     3
Dodge: Dodged            ||    14
